 Dungeon Crawl Stone Soup version 0.22-a0-303-g4a852b3 (webtiles) character file.

252 GizzardofKazz the Shield-Bearer (level 6, -14/47 HPs)
             Began as a Formicid Fighter on Mar 27, 2018.
             Killed from afar by HobsGoblin's ghost (17 damage)
             ... with a spray of energy
             ... on level 4 of the Dungeon.
             The game lasted 00:08:58 (3066 turns).

GizzardofKazz the Shield-Bearer (Formicid Fighter)  Turns: 3066, Time: 00:08:59

Health: -14/47     AC:  9    Str: 27    XL:     6   Next: 36%
Magic:  6/6        EV:  7    Int:  8    God:
Gold:   163        SH: 11    Dex: 14    Spells: 5/5 levels left

rFire    . . .     SeeInvis +   k - +0 flail (drain)
rCold    . . .     Gourm    .   c - +0 shield
rNeg     . . .     Faith    .   j - +0 chain mail
rPois    .         Spirit   .   (helmet unavailable)
rElec    .         Reflect  .   (no cloak)
rCorr    .         Harm     .   (no gloves)
MR       .....                  (no boots)
Stlth    ..........             (no amulet)
HPRegen  0.15/turn              i - ring of wizardry
MPRegen  0.10/turn              m - +4 ring of dexterity

@: mighty, drained
A: permanent stasis, dig shafts and tunnels, four strong arms, antennae 3
a: Dig, Shaft Self


You were on level 4 of the Dungeon.
You were not hungry.

You visited 1 branch of the dungeon, and saw 4 of its levels.

You collected 163 gold pieces.

Inventory:

Hand Weapons
 a - a +1 flail
 k - a +0 flail of draining (weapon)
Armour
 c - a +0 shield (worn)
 j - a +0 chain mail (worn)
Jewellery
 i - a ring of wizardry (left hand)
 m - a +4 ring of dexterity (right hand)
Scrolls
 g - a scroll of fog {unknown}
 h - 3 scrolls of enchant weapon
 l - a scroll of teleportation
 o - 2 scrolls of enchant armour
 p - a scroll of blinking
Potions
 b - a potion of mutation {unknown}
 d - 2 potions of might
 e - a potion of haste {unknown}
 n - a potion of agility {unknown}
 r - a potion of curing {unknown}
Comestibles
 f - 5 rations
 q - 9 chunks of flesh


   Skills:
 - Level 3.2 Fighting
 + Level 4.5 Maces & Flails
 - Level 3.2 Armour
 + Level 6.2(6.1) Shields


You had 5 spell levels left.
You didn't know any spells.

Dungeon Overview and Level Annotations

Branches:
Dungeon (4/15)
 Temple: D:4-7

Altars:
Elyvilon

Annotations:
D:4 HobsGoblin's ghost, amateur TeCj


Innate Abilities, Weirdness & Mutations

You cannot be hasted, slowed, berserked, paralysed or teleported.
You can dig through walls and to a lower floor.
Your four strong arms can wield two-handed weapons with a shield.
You have a pair of large antennae on your head. (SInv)


Message History

You feel very mighty all of a sudden.
HobsGoblin's ghost hits you but does no damage.
HobsGoblin's ghost gestures at you while chanting.
The spray of energy hits you!
* * * LOW HITPOINT WARNING * * *
You feel less confused.
You barely miss HobsGoblin's ghost.
HobsGoblin's ghost hits you but does no damage.
You barely miss HobsGoblin's ghost. HobsGoblin's ghost hits you.
* * * LOW HITPOINT WARNING * * *
You sock HobsGoblin's ghost!
HobsGoblin's ghost is moderately damaged.
HobsGoblin's ghost hits you but does no damage.
HobsGoblin's ghost hits you.
* * * LOW HITPOINT WARNING * * *
You barely miss HobsGoblin's ghost.
HobsGoblin's ghost is moderately damaged.
HobsGoblin's ghost casts a spell at you.
The spray of energy hits you!
You die...

#.#.# .# #.#.# .# ...#
#.#.# .# #..# #.#.# .####
##..# #.#.##.##.. [..#
#.#.##.##.# #$.#
##.#)##.##[####..#
#.#...<..........#
................@#
.....#####.####.W#
..............#..####.##.
.....##..................
.....##..####.#..#######.
#...###..####.#..#
...................
#...###..####.#.#<##
.........# #...>..


You could see HobsGoblin's ghost.

Vanquished Creatures
  The ghost of Papajoes the Chopper, an amateur MiWr (D:3)
  2 orc wizards
  2 adders
  2 oozes
  3 worms
  3 dart slugs
  6 leopard geckos
  6 orcs
  A ball python (D:1)
  6 bats
  3 giant cockroaches
  6 hobgoblins
  A quokka (D:2)
  3 frilled lizards
  9 goblins
  5 kobolds
  6 rats
65 creatures vanquished.

Notes
Turn   | Place    | Note
-------+----------+-------------------------------------------
     0 | D:1      | GizzardofKazz the Formicid Fighter began the quest for the Orb.
     0 | D:1      | Reached XP level 1. HP: 18/18 MP: 1/1
   263 | D:1      | Reached XP level 2. HP: 18/24 MP: 2/2
   266 | D:1      | Reached skill level 4 in Shields
   649 | D:1      | Reached XP level 3. HP: 29/29 MP: 3/3
  1430 | D:2      | Found a white marble altar of Elyvilon.
  1441 | D:2      | Reached XP level 4. HP: 35/35 MP: 4/4
  1652 | D:2      | Reached skill level 5 in Shields
  2123 | D:3      | Reached XP level 5. HP: 15/41 MP: 5/5
  2482 | D:3      | Noticed Papajoes's ghost (amateur MiWr)
  2512 | D:3      | Killed Papajoes's ghost
  2512 | D:3      | Reached skill level 6 in Shields
  2512 | D:3      | Reached XP level 6. HP: 34/47 MP: 6/6
  3047 | D:4      | Noticed HobsGoblin's ghost (amateur TeCj)
  3065 | D:4      | HP: 2/47 [HobsGoblin's ghost (2)]
  3066 | D:4      | Killed from afar by HobsGoblin's ghost

Vault maps used:
D:1:      dpeg_cavernosity, kennysheep_nondescript, hex_medium, minmay_tall_x
D:2:      lemuel_doored_altar, nrook_loot_triangle
D:4:      fedhas_altar_4, first_ration, portal_sewer_entry_d,
          grunt_ministairs_15, uniq_purgy

Skill      XL: |  1  2  3  4  5 |
---------------+----------------+-----
Shields        | 4 5 6 |  6.2
Maces & Flails | 3 4 |  4.5
Fighting       | |  3.2
Armour         | |  3.2

Action                   |  1- 3 |  4- 6 || total
-------------------------+-------+-------++-------
Melee: Flail             |   110 |   177 ||   287
  Use: Scroll            |       |     4 ||     4
       Potion            |       |     2 ||     2
  Eat: Chunk             |     2 |     5 ||     7
Armor: Scale mail        |    19 |       ||    19
       Chain mail        |    36 |    63 ||    99
Dodge: Dodged            |    29 |    34 ||    63
Block: Shield            |    53 |    86 ||   139

Table legend:
 A = Spawn XP
 B = Non-spawn XP
 C = Spawn XP percentage of total XP
 D = Spawn monster count
 E = Non-spawn monster count
 F = Spawn count percentage of total count
 G = Total turns spent on level
                    A         B        C        D         E        F      G
               +---------+---------+-------+---------+---------+-------+---------
         Total |       0 |     360 |   0.0 |       0 |      65 |   0.0 |  3066
               +---------+---------+-------+---------+---------+-------+---------
           D:1 |       0 |      53 |   0.0 |       0 |      24 |   0.0 |  1277
           D:2 |       0 |      52 |   0.0 |       0 |      18 |   0.0 |   641
           D:3 |       0 |     206 |   0.0 |       0 |      18 |   0.0 |  1046
           D:4 |       0 |      49 |   0.0 |       0 |       5 |   0.0 |   102
               +---------+---------+-------+---------+---------+-------+---------
